 Dungeon Crawl Stone Soup version 0.31.0-12-g77e489cdc1 (webtiles) character file.

Game seed: 2656317262128425653

7775 McKennaii the Destroyer (level 10, 0/69 HPs)
             Began as a Demigod Conjurer on Feb 23, 2024.
             Shot with a bolt by an orc warrior (17 damage)
             ... on level 8 of the Dungeon.
             The game lasted 00:21:14 (9404 turns).

McKennaii the Destroyer (Demigod Conjurer)          Turns: 9404, Time: 00:21:14

Health: 0/69       AC: 11    Str: 14    XL:     10   Next: 70%
Magic:  23/28      EV: 11    Int: 32    God:
Gold:   440        SH:  0    Dex: 12    Spells: 22/29 levels left

rFire   + . .        m - +4 short sword
rCold   + + +        (no shield)
rNeg    . . .        H - +2 leather armour {rC+}
rPois   .            r - +2 helmet
rElec   .            D - +2 cloak
rCorr   .            (no gloves)
SInv    .            (no boots)
Will    +....        p - amulet of magic regeneration
Stlth   ++           B - ring "Uqyimibe" {rC++ Str+6}
HPRegen 0.31/turn    h - ring of protection from fire
MPRegen 0.61/turn

%: no passive effects
@: no status effects
A: high MP 1, forlorn, divine attributes
a: no special abilities


You were on level 8 of the Dungeon.
You visited 1 branch of the dungeon, and saw 8 of its levels.
You also visited: Sewer and Bailey.

You collected 722 gold pieces.
You spent 282 gold pieces at shops.

Inventory:

Hand Weapons
 m - a +4 short sword (weapon)
Missiles
 o - 2 throwing nets
Armour
 r - a +2 helmet (worn)
 D - a +2 cloak (worn)
 H - a +2 leather armour of cold resistance (worn)
Jewellery
 h - a ring of protection from fire (right hand)
 p - an amulet of magic regeneration (around neck)
 B - the ring "Uqyimibe" (left hand) {rC++ Str+6}
   (You found it on level 6 of the Dungeon)

   [ring of strength]

   Str+6:     It affects your strength (+6).
   rC++:      It greatly protects you from cold.
Wands
 a - a wand of iceblast (12)
 w - a wand of mindburst (17)
 C - a wand of flame (3)
Scrolls
 d - a scroll of torment {unknown}
 f - a scroll of revelation
 i - a scroll of noise
 j - 2 scrolls of immolation
 k - 6 scrolls of teleportation
 n - 4 scrolls of enchant weapon
 u - 2 scrolls of amnesia
 y - a scroll of silence
 z - 2 scrolls of enchant armour
 A - 4 scrolls of blinking {unknown}
 E - a scroll of butterflies {unknown}
 I - a scroll of poison {unknown}
Potions
 b - 3 potions of magic
 c - 2 potions of berserk rage {unknown}
 e - 5 potions of mutation
 g - 9 potions of curing
 l - 2 potions of ambrosia {unknown}
 q - 6 potions of heal wounds {unknown}
 s - 2 potions of haste {unknown}
 t - a potion of brilliance {unknown}
 v - a potion of might {unknown}
 x - 2 potions of attraction {unknown}
 F - a potion of cancellation {unknown}
 G - a potion of resistance {unknown}


   Skills:
 - Level 1.7 Dodging
 - Level 1.7 Stealth
 + Level 10.3 Spellcasting
 + Level 11.6 Conjurations


You had 22 spell levels left.
You knew the following spells:

 Your Spells              Type           Power      Damage    Failure   Level
a - Magic Dart            Conj           100%       1d8       1%          1
b - Searing Ray           Conj           100%       2d8       1%          2
c - Iskenderun's Mystic   Conj/Tloc      52%        2d11      3%          4

Your spell library contained the following spells:

 Spells                   Type           Power      Damage    Failure   Level
 Apportation              Tloc           32%        N/A       3%          1
 Fulminant Prism          Conj/Alch      26%        3d14      3%          4
 Jinxbite                 Hex            32%        N/A       5%          2
 Lesser Beckoning         Tloc           32%        N/A       5%          2
 Gell's Gravitas          Tloc           16%        N/A       11%         3
 Teleport Other           Tloc           16%        N/A       11%         3
 Alistair's Intoxication  Alch           10%        N/A       71%         5


Dungeon Overview and Level Annotations

Branches:
Dungeon (8/15)             Temple (0/1) D:7           Sewer (visited)
 Bailey (visited)
   Lair: D:8-11

Shops:
D:1 *   D:4 !   D:7 *


Innate Abilities, Weirdness & Mutations

You have an increased reservoir of magic. (+10% MP)
You shall have no god before yourself.
Your divine heritage dramatically boosts your attributes as you level up.


Message History

The orc warrior shoots a bolt.
The bolt misses you.
Casting: Magic Dart (safe; 1% risk of failure)
Confirm with . or Enter, or press ? or * to list all spells.
You erupt in a blast of force!
The mystic blast hits the orc warrior!
The orc warrior is heavily wounded.
The orc warrior is knocked back by the mystic blast.
The orc warrior slams into the rock wall!
The orc warrior shoots a bolt.
The bolt hits you!
The orc warrior shoots a bolt.
The bolt hits you but does no damage.
You start resting.
An orc warrior is nearby!
Casting: Iskenderun's Mystic Blast (dangerous; 3% risk of failure)
Confirm with . or Enter, or press ? or * to list all spells.
You erupt in a blast of force!
The mystic blast hits the orc warrior.
The orc warrior is heavily wounded.
The orc warrior is knocked back by the mystic blast.
Unknown command.
Casting: Iskenderun's Mystic Blast (dangerous; 3% risk of failure)
Confirm with . or Enter, or press ? or * to list all spells.
Aiming: Searing Ray (safe; 1% risk of failure)
Press: ? - help, Shift-Dir - straight line, f/p - orc warrior
Aim: an orc warrior, wielding a +0 arbalest and wearing a +0 plate armour (heavily wounded, 83% to hit)
The searing ray hits the orc warrior.
The orc warrior is severely wounded. (Press . to maintain the ray.)
The orc warrior shoots a bolt.
The bolt hits you!
The searing ray misses the orc warrior.
The orc warrior shoots a bolt.
The bolt hits you!!
* * * LOW HITPOINT WARNING * * *
Unknown command.
Okay, then.
Aiming: Mindburst
Press: ? - help, Shift-Dir - straight line, f/p - orc warrior
Aim: an orc warrior, wielding a +0 arbalest and wearing a +0 plate armour (severely wounded, chance to affect: 64%)
Okay, then.
Okay, then.
Okay, then.
Okay, then.
You feel better.
The orc warrior shoots a bolt.
The bolt hits you!
You die...

##.#..####.# #.# #.#..#
#.# #.# ##.#..## #.#
#.## .......# #.# #..##
##.....# #.# #...##
##.....###.#####.#..###
...#..................#
####.......######....##
#.#####<.....@...##
##'## #.######...#
##...## #.# #.....#.
##.....###.# ##.###o.#
#.......##.###..# #.#.#
.........#......##..#..#
.........'..o.......#
..#
.......>.####...#.#.. ..
#.......## ##†##


You could see an orc warrior.

Vanquished Creatures
  2 vault guards (Bailey)
  A two-headed ogre (D:7)
  Pikel (D:7)
  Maurice (D:7)
  Prince Ribbit (Bailey)
  Grinder (D:4)
  A wyvern (D:7)
  7 humans (Bailey)
  A water moccasin (D:5)
  2 orc warriors (D:8)
  3 ice beasts
  2 sky beasts
  A black bear (D:4)
  An ogre (D:6)
  3 centaurs
  4 lemures (D:7)
  A kobold brigand (D:6)
  A phantom (D:4)
  9 bullfrogs
  6 scorpions
  10 wights (D:6)
  3 orc priests
  2 hounds
  4 jellies
  A bombardier beetle (D:5)
  A gnoll bouda (D:8)
  6 iguanas
  4 orc wizards
  Robin (D:2)
  4 gnolls
  12 adders
  A shadow imp (D:6)
  A white imp (D:5)
  4 ufetubi
  3 dart slugs
  2 ribbon worms
  21 orcs
  18 ball pythons
  4 bats
  27 endoplasms
  9 giant cockroaches
  18 goblins
  14 hobgoblins
  5 quokkas
  4 frilled lizards
  17 kobolds
  6 rats
251 creatures vanquished.

Vanquished Creatures (others)
  An orc wizard (D:5)
1 creature vanquished.

Grand Total: 252 creatures vanquished

Notes
Turn   | Place    | Note
-------+----------+-------------------------------------------
     0 | D:1      | McKennaii the Demigod Conjurer began the quest for the Orb.
     0 | D:1      | Reached XP level 1. HP: 14/14 MP: 5/5
    12 | D:1      | Found Umnic's Assorted Antiques.
   381 | D:1      | Reached XP level 2. HP: 19/20 MP: 0/7
   384 | D:1      | Learned a level 2 spell: Searing Ray
   649 | D:1      | Reached skill level 4 in Conjurations
  1187 | D:2      | Reached XP level 3. HP: 26/26 MP: 6/9
  1394 | D:2      | Noticed Robin
  1397 | D:2      | Killed Robin
  2072 | D:2      | Reached XP level 4. HP: 33/33 MP: 5/11
  2077 | D:2      | Learned a level 4 spell: Iskenderun's Mystic Blast
  2491 | D:3      | Reached skill level 5 in Conjurations
  2491 | D:3      | Reached XP level 5. HP: 38/38 MP: 7/13
  3567 | D:3      | Reached XP level 6. HP: 45/45 MP: 12/15
  4049 | D:4      | Reached skill level 6 in Conjurations
  4158 | D:4      | Noticed Grinder
  4166 | D:4      | Killed Grinder
  4167 | D:4      | Reached skill level 5 in Spellcasting
  4167 | D:4      | Reached XP level 7. HP: 43/50 MP: 11/18
  4345 | D:4      | Found Aboimec's Distillery.
  4392 | D:4      | Found a glowing drain.
  4403 | Sewer    | Entered a sewer
  4598 | Sewer    | Reached skill level 7 in Conjurations
  4718 | D:4      | Bought a potion of degeneration for 10 gold pieces
  4824 | D:1      | Bought a metallic emerald potion for 27 gold pieces
  4824 | D:1      | Bought a fuming green potion for 27 gold pieces
  4824 | D:1      | Bought a cyan potion for 27 gold pieces
  4824 | D:1      | Bought a cyan potion for 27 gold pieces
  4824 | D:1      | Bought 2 cyan potions for 54 gold pieces
  4926 | D:4      | Bought a potion of mutation for 80 gold pieces
  4926 | D:4      | Bought a potion of curing for 30 gold pieces
  4948 | D:5      | Entered Level 5 of the Dungeon
  5351 | D:5      | Reached XP level 8. HP: 57/57 MP: 16/20
  6294 | D:6      | Reached skill level 8 in Conjurations
  6648 | D:6      | Identified the ring "Uqyimibe" {rC++ Str+6}
  7082 | D:6      | Reached XP level 9. HP: 55/61 MP: 20/24
  7142 | D:6      | Reached skill level 9 in Conjurations
  7450 | D:7      | Found a staircase to the Ecumenical Temple.
  7490 | D:7      | Noticed Maurice
  7500 | D:7      | Killed Maurice
  7516 | D:7      | Found Laqudot's General Store.
  7603 | D:7      | Found a flagged portal.
  7612 | Bailey   | Entered a bailey
  7634 | Bailey   | Reached skill level 10 in Conjurations
  7888 | Bailey   | Noticed Prince Ribbit
  7889 | Bailey   | Noticed a vault guard
  7900 | Bailey   | Killed Prince Ribbit
  7901 | Bailey   | Reached XP level 10. HP: 69/69 MP: 19/27
  7917 | Bailey   | Killed a vault guard
  8001 | Bailey   | Noticed a vault guard
  8064 | Bailey   | Killed a vault guard
  8065 | Bailey   | Reached skill level 11 in Conjurations
  8366 | D:7      | Noticed Pikel
  8376 | D:7      | Killed Pikel
  8600 | D:7      | Noticed a two-headed ogre
  8608 | D:7      | Killed a two-headed ogre
  8609 | D:7      | Reached skill level 10 in Spellcasting
  9404 | D:8      | Shot with a bolt by an orc warrior

Illustrated notes

Levels and vault maps discovered:
D:1:      wheals_arrival_shading, layout_rooms, serial_shops,
          nicolae_shop_advertising_works [nicolae_subvault_shop_adworks]
D:2:      layout_basic, uniq_robin
D:3:      cheibrodos_fertilizer, layout_loops_ring, lemuel_tele_altar,
          grunt_decor_one_mirror, minmay_fractal_squares_5
D:4:      layout_rooms, mainiacjoe_overflow_cross_hatched, serial_shops, shop,
          portal_sewer_entry_d, minmay_diced_spiral, uniq_grinder
D:5:      layout_cave_pods, amcnicky_altar_gilded,
          amcnicky_mini_corridor_feature
D:6:      layout_loops_corners, abandoned_shop
D:7:      layout_basic, kennysheep_mini_moat, okawaru_trees_1,
          minmay_temple_entry_junction_2, serial_aquarium,
          aquarium_bridge_long_joined [aquarium_subvault_bridge,
          aquarium_subvault_bridge, aquarium_subvault_window,
          aquarium_subvault_window, aquarium_subvault_wall,
          aquarium_subvault_wall], aquarium_bridge_square
          [aquarium_subvault_wall, aquarium_subvault_wall,
          aquarium_subvault_wall, aquarium_subvault_bridge], aquarium_window_1,
          aquarium_window_corner, aquarium_window_2, aquarium_window_corridor_3,
          aquarium_view_2d, aquarium_view_2d, aquarium_balcony_5b,
          aquarium_pool_corner, enter_bailey_8, serial_shops, shop,
          moated_statue, uniq_pikel, uniq_maurice
D:8:      minmay_the_grid_octo_triangle [minmay_the_grid_octo_checkerflower,
          minmay_the_grid_octo_prize_ultimate_mussel_roller,
          minmay_the_grid_octo_fat_diamond], layout_loops_corners,
          nicolae_kikubaaqudgha_miasma_corner,
          beargit_hepliaklqana_dungeon_heroes, minmay_misc_feat_tiny

Skill      XL: |  1  2  3  4  5  6  7  8  9 10 |
---------------+-------------------------------+-----
Spellcasting   | 2 3 4 5 6 7 9 10 | 10.3
Conjurations   | 4 5 6 7 8 10 11 | 11.6
Dodging        | |  1.7
Stealth        | |  1.7

Action                     |  1- 3 |  4- 6 |  7- 9 | 10-12 || total
---------------------------+-------+-------+-------+-------++-------
  Melee: Unarmed           |     5 |       |       |       ||     5
         Short sword       |       |     8 |     7 |       ||    15
   Cast: Magic Dart        |   110 |    80 |   117 |    50 ||   357
         Searing Ray       |     1 |    24 |    71 |    22 ||   118
         Iskenderun's Myst |       |       |    17 |    32 ||    49
  Evoke: Wand              |       |       |     9 |     5 ||    14
    Use: Scroll            |       |       |     1 |     7 ||     8
         Potion            |       |       |       |     1 ||     1
 Armour: Robe              |     6 |    16 |    49 |     7 ||    78
         Leather armour    |       |       |       |    15 ||    15
  Dodge: Dodged            |     7 |    28 |    52 |    13 ||   100
